Map: Dusk Towers

Players

ILLBdA

  • Race: Protoss Protoss
  • League: Diamond

AhLibudaEx - Winner!

  • Race: Terran Terran
  • League: Master

VOD

Have the link to the VOD?

Description

Time

  • Played on: Dec. 31, 2015, 5:42 a.m.
  • Length: 2:40
Show
View Real Time Build Order
Export as new Build Order

ILLBdA Protoss 

Build Orders:  

Get SALT Encoding   

  12  0:01  Probe (Chrono Boost)  
  13  0:11  Probe (Chrono Boost)  
  14  0:19  Pylon  
  14  0:22  Probe (Chrono Boost)  
  15  0:37  Probe (Chrono Boost)  
  15  0:38  Forge  
  16  0:47  Probe (Chrono Boost)  
  17  0:58  Probe (Chrono Boost)  
  18  1:08  Probe (Chrono Boost)  
  19  1:14  Pylon  
  19  1:16  Pylon  
  19  1:34  Photon Cannon  
  19  1:35  Gateway  
  19  1:37  Gateway  
  19  1:40  Pylon  
  19  1:53  Photon Cannon  
  18  2:07  Photon Cannon  
  18  2:16  Photon Cannon  
  20  2:25  Photon Cannon  
Show
View Real Time Build Order
Export as new Build Order

AhLibudaEx Terran - Winner!

Build Orders:  

Get SALT Encoding   

  12  0:01  SCV  
  13  0:13  SCV  
  14  0:17  Supply Depot  
  14  0:25  SCV  
  14  0:28  Refinery  
  15  0:42  Barracks  
  15  0:44  SCV  
  16  0:57  SCV  
  17  1:09  SCV  
  18  1:28  Barracks  
  18  1:29  Marine  
  19  1:33  Orbital Command  
  19  1:38  Bunker  
  19  1:47  Marine  
  20  1:56  Bunker  
  20  2:04  Marine  
  21  2:13  SCV  
  21  2:15  Marine  
  23  2:26  Supply Depot  
Tags
 
Matchup
PvT
Replay Pack
me
Add a new tag
Caveats
  • Supply blocks, unpowered buildings, or Contaminate may cause inaccurate times.
  • Supply counts are checked every 10 seconds.